 Dungeon Crawl Stone Soup version 0.31-a0-360-gb3e1d13bf4 (webtiles) character file.

Game seed: 2069590659114804063

22854 Dirtsage the Grappler (level 12, -4/96 HPs)
             Began as a Demonspawn Shapeshifter on July 26, 2023.
             Was a High Priest of Makhleb.
             Engulfed by a cloud of flame (13 damage)
             ... on level 3 of the Lair of Beasts on July 27, 2023.
             The game lasted 00:28:53 (12030 turns).

Dirtsage the Grappler (Demonspawn Shapeshifter)    Turns: 12030, Time: 00:28:53

Health: -4/96      AC: 12    Str: 26    XL:     12   Next: 66%
Magic:  19/19      EV: 10    Int: 11    God:    Makhleb [*****.]
Gold:   777        SH:  0    Dex: 19    Spells: 11/11 levels left

rFire   . .          .
                       - Unarmed
rCold   . . .        (no shield)
rNeg    . . .        m - +0 shadow dragon scales
rPois   .            (helmet currently unavailable)
rElec   .            (cloak currently unavailable)
rCorr   .            (gloves currently unavailable)
SInv    .            (boots currently unavailable)
Will    .....        (no amulet)
Stlth   +++          h - +6 ring of dexterity
HPRegen 0.36/turn    q - +6 ring of strength
MPRegen 0.32/turn

%: no passive effects
@: lethally poisoned (-4 -> -4), beast-form, studying Earth Magic
A: beast (slay +6), horns 2, spiny 3, magic regeneration
a: Begin Untransformation, Renounce Religion, Minor Destruction, Lesser Servant
of Makhleb, Major Destruction, Greater Servant of Makhleb


You were on level 3 of the Lair of Beasts.
You worshipped Makhleb.
Makhleb was extremely pleased with you.
You were a hulking beast.
You visited 3 branches of the dungeon, and saw 14 of its levels.

You collected 777 gold pieces.

Inventory:

Missiles
 z - a curare-tipped dart
Armour
 a - a +0 animal skin
 d - a +0 leather armour
 m - +0 shadow dragon scales (worn)
 r - a +0 cloak
 y - a +0 pair of boots
 B - the +0 robe of Qazlal's Castigation {Drain rF+ rN+++ Archmagi}
   (You found it on level 9 of the Dungeon)

   rF:        It protects you from fire.
   rN:        It renders you almost immune to negative energy.
   Drain:     It drains your maximum health when unequipped.
   Archmagi:  It increases the power of your magical spells.
Magical Staves
 J - a staff of death
Jewellery
 h - a +6 ring of dexterity (left hand)
 q - a +6 ring of strength (right hand)
 F - a ring of protection from fire
 N - a ring of positive energy
Talismans
 c - a beast talisman
Wands
 A - a wand of polymorph (4)
 C - a wand of paralysis (9)
Scrolls
 f - 3 scrolls of enchant weapon {unknown}
 g - 2 scrolls of amnesia {unknown}
 i - 2 scrolls of fog {unknown}
 j - 2 scrolls of revelation {unknown}
 k - 8 scrolls of identify {unknown}
 l - 2 scrolls of fear {unknown}
 s - 3 scrolls of blinking {unknown}
 t - 4 scrolls of teleportation
 u - a scroll of noise {unknown}
 w - a scroll of brand weapon {unknown}
 E - 2 scrolls of enchant armour {unknown}
 G - a scroll of immolation {unknown}
 L - 2 scrolls of vulnerability {unknown}
Potions
 b - 4 potions of lignification
 e - 2 potions of heal wounds {unknown}
 n - 3 potions of brilliance
 o - 4 potions of mutation {unknown}
 p - a potion of cancellation {unknown}
 v - 3 potions of curing {unknown}
 x - a potion of haste {unknown}
 D - 2 potions of magic {unknown}
 H - a potion of resistance {unknown}
 K - a potion of attraction {unknown}
Miscellaneous
 I - a piece from Xom's chessboard (15/15)


   Skills:
 + Level 9.5 Fighting
 + Level 3.6 Armour
 + Level 4.2 Dodging
 - Level 12.1 Unarmed Combat
 + Level 10.6 Invocations
 + Level 8.7 Shapeshifting


You had 11 spell levels left.
You didn't know any spells.
Your spell library contained the following spells:

 Spells                   Type           Power      Damage    Failure   Level
 Apportation              Tloc           0%         N/A       92%         1
 Foxfire                  Conj/Fire      0%         2x1d4     92%         1
 Necrotise                Necr           0%         1d4       92%         1
 Sandblast                Erth           0%         2d4       92%         1
 Summon Small Mammal      Summ           0%         N/A       92%         1
 Cigotuvi's Dreadful Rot  Necr/Pois/Air  0%         N/A       98%         2
 Passwall                 Tmut/Erth      0%         N/A       98%         2
 Ignite Poison            Fire/Tmut/Pois 0%         N/A       100%        3
 Inner Flame              Hex/Fire       0%         N/A       100%        3
 Mephitic Cloud           Conj/Pois/Air  0%         N/A       100%        3
 Ozocubu's Armour         Ice            0%         N/A       100%        3
 Stone Arrow              Conj/Erth      0%         3d7       100%        3
 Swiftness                Air            0%         N/A       100%        3
 Anguish                  Hex/Necr       0%         N/A       100%        4
 Animate Armour           Summ/Erth      0%         N/A       100%        4
 Cause Fear               Hex            0%         N/A       100%        4
 Flame Wave               Conj/Fire      0%         2d4       100%        4
 Sticky Flame             Conj/Fire      0%         2d3       100%        4
 Summon Lightning Spire   Summ/Air       0%         N/A       100%        4
 Freezing Cloud           Conj/Ice/Air   0%         6-21      100%        5
 Metabolic Englaciation   Hex/Ice        0%         N/A       100%        5
 Yara's Violent Unravell  Hex/Tmut       0%         3d3       100%        5
 Eringya's Noxious Bog    Tmut/Pois      0%         4d6       100%        6
 Plasma Beam              Fire/Air       0%         2x1d10    100%        6
 Simulacrum               Ice/Necr       0%         N/A       100%        6
 Starburst                Conj/Fire      0%         6d3       100%        6
 Enfeeble                 Hex            0%         N/A       100%        7
 Lehudib's Crystal Spear  Conj/Erth      0%         10d2      100%        8


Dungeon Overview and Level Annotations

Branches:
Dungeon (10/15)            Temple (1/1) D:6            Lair (3/5) D:9
  Snake (0/4) Lair:2          Orc (0/2) D:9
  Swamp: Lair:2-3    Shoals: Lair:2-3

Altars:
Ashenzari
Cheibriados
Dithmenos
Fedhas
Gozag
Hepliaklqana
Kikubaaqudgha
Makhleb
Nemelex Xobeh
Okawaru
Qazlal
Ru
Sif Muna
Trog
Uskayaw
Vehumet
Wu Jian
Xom
Yredelemnul

Shops:
D:9 [

Portals:
Trove: D:10 (give 8 potions of haste)

Annotations:
D:5 3 runed translucent doors, Nevets123's ghost, amateur MiBe


Innate Abilities, Weirdness & Mutations

You are a hulking beast.
Your limbs bulge with bestial killing power. (Slay +6)
You have a pair of horns on your head.
You are completely covered in sharp spines.
You regenerate magic rapidly.


Message History

You are too injured to fight recklessly!
You are too injured to fight recklessly!
You are too injured to fight recklessly!
You are too injured to fight recklessly!
You punch the fire crab!
You headbutt the fire crab, but do no damage.
The fire crab is moderately wounded.
You feel sick. The fire crab breathes flames at you.
The blast of flame engulfs you but does no damage.
You take 1 damage, and have 65/96 hp.
You hit the fire crab but do no damage. Your headbutt misses the fire crab.
You punch the fire crab.
The fire crab is heavily wounded.
You are engulfed in blazing flames.
You feel sick. The fire crab barely misses you. x2
You take 4 damage, and have 61/96 hp.
You barely miss the fire crab. Your headbutt misses the fire crab.
The fire crab is heavily wounded.
You are engulfed in blazing flames.
You feel sick. The fire crab breathes flames at you.
The blast of flame engulfs you.
You take 7 damage, and have 54/96 hp.
You barely miss the fire crab. You headbutt the fire crab!
The fire crab is severely wounded.
You are engulfed in blazing flames.
You feel sick. The fire crab bites you.
You are engulfed in flames!
* * * LOW HITPOINT WARNING * * *
The fire crab claws you but does no damage.
You take 31 damage, and have 23/96 hp.
MASSIVE DAMAGE!!
You punch the fire crab!
The fire crab is almost dead.
You are engulfed in blazing flames.
* * * LOW HITPOINT WARNING * * *
You take 19 damage, and have 4/96 hp.
You punch the fire crab!
You kill the fire crab!
Makhleb accepts your kill.
You feel better.
You are engulfed in blazing flames.
You die...

# #####....#....##
##### #.#.......#....#
...<#####........#...##
.....##.....†...#....#
♣♣...#.#.....#..#.####
♣♣..........####.#
♣....#.....# #..#
♣....#.....# #..#
♣.####.....# #h## ♣.#
#......#.†# ♣ ♣##
##...#.#$## ♣# ##...##
P# ...# P# ##.. ## .#.
..#


There were no monsters in sight!

Vanquished Creatures
  A catoblepas (Lair:3)
  A skyshark (Lair:2)
  A fire crab (Lair:3)
  A deep elf pyromancer (D:10)
  Pikel (D:8)
  A manticore (D:10)
  A guardian serpent (Lair:2)
  7 cane toads
  3 black mambas
  A gargoyle (D:9)
  A rime drake (Lair:3)
  9 komodo dragons
  A troll (D:9)
  Grinder (D:5)
  13 blink frogs
  3 shadows (D:9)
  2 wraiths
  31 yaks
  2 basilisks (Lair:1)
  4 wyverns
  A steam dragon (D:6)
  An acid dragon (D:9)
  9 water moccasins
  2 orc warriors
  4 sky beasts
  2 ice beasts
  A black bear (D:8)
  6 wolves
  2 ogres
  6 bullfrogs
  A kobold brigand (D:9)
  4 scorpions
  A gnoll sergeant (D:9)
  2 troll zombies (D:9)
  5 killer bees (D:7)
  An electric eel (D:9)
  3 jellies
  Crazy Yiuf (D:5)
  5 orc priests (D:9)
  7 hounds
  A sleepcap (D:7)
  25 iguanas
  4 hell rats (Lair:1)
  12 orc wizards
  4 ogre zombies (D:9)
  8 adders
  15 gnolls
  2 white imps
  A worm (D:5)
  4 dart slugs
  28 orcs
  5 bats
  5 endoplasms
  7 giant cockroaches
  10 hobgoblins
  7 jackals
  9 kobolds
  A quokka (D:5)
  10 ball pythons
  21 frilled lizards
  12 goblins
  4 goblin skeletons (D:9)
  3 goblin zombies (D:9)
  3 hobgoblin zombies (D:9)
  2 orc skeletons (D:9)
  7 orc zombies (D:9)
  5 rats
364 creatures vanquished.

Vanquished Creatures (others)
  A sleepcap (D:5)
  A quokka (D:7)
2 creatures vanquished.

Grand Total: 366 creatures vanquished

Notes
Turn   | Place    | Note
-------+----------+-------------------------------------------
     0 | D:1      | Dirtsage the Demonspawn Shapeshifter began the quest for
                  | the Orb.
     0 | D:1      | Reached XP level 1. HP: 15/15 MP: 1/1
   232 | D:1      | Reached skill level 3 in Unarmed Combat
   240 | D:1      | Gained mutation: You have a pair of small horns on your
                  | head. [demonic ancestry]
   240 | D:1      | Reached XP level 2. HP: 20/21 MP: 2/2
   980 | D:2      | Gained mutation: You are partially covered in sharp spines.
                  | [demonic ancestry]
   980 | D:2      | Reached XP level 3. HP: 26/26 MP: 3/3
  1060 | D:2      | Found a faded altar of an unknown god.
  1142 | D:2      | Noticed a scorpion
  1153 | D:2      | Killed a scorpion
  1154 | D:2      | Reached XP level 4. HP: 24/32 MP: 4/4
  1509 | D:3      | Reached skill level 4 in Unarmed Combat
  1591 | D:3      | Found a snail-covered altar of Cheibriados.
  1723 | D:3      | Gained mutation: You are mostly covered in sharp spines.
                  | [demonic ancestry]
  1723 | D:3      | Reached XP level 5. HP: 34/37 MP: 5/5
  2175 | D:3      | Found a basalt altar of Yredelemnul.
  2178 | D:3      | Found an opulent altar of Gozag.
  2337 | D:3      | Found a sparkling altar of Nemelex Xobeh.
  2631 | D:4      | Gained mutation: You regenerate magic rapidly. [demonic
                  | ancestry]
  2631 | D:4      | Reached XP level 6. HP: 43/43 MP: 6/6
  2831 | D:4      | Reached skill level 5 in Unarmed Combat
  3067 | D:5      | Entered Level 5 of the Dungeon
  3109 | D:5      | Noticed Grinder
  3121 | D:5      | Paralysed by Grinder for 4 turns
  3129 | D:5      | Killed Grinder
  3130 | D:5      | Reached XP level 7. HP: 36/49 MP: 7/7
  3194 | D:5      | Found a runed translucent door.
  3195 | D:5      | Noticed Crazy Yiuf
  3202 | D:5      | Killed Crazy Yiuf
  3409 | D:5      | Noticed Nevets123's ghost (amateur MiBe)
  3449 | D:5      | Found a runed translucent gate.
  3450 | D:5      | Found a runed translucent gate.
  3451 | D:5      | Found a runed translucent gate.
  3472 | D:5      | Reached skill level 6 in Unarmed Combat
  3491 | D:5      | Reached skill level 5 in Shapeshifting
  3759 | D:5      | Gained mutation: You have a pair of horns on your head.
                  | [demonic ancestry]
  3759 | D:5      | Reached XP level 8. HP: 49/58 MP: 8/8
  4128 | D:6      | Got Sif Muna's Codex of Aerial Toxins
  4202 | D:6      | Reached skill level 7 in Unarmed Combat
  4277 | D:6      | Found a staircase to the Ecumenical Temple.
  4284 | Temple   | Entered the Ecumenical Temple
  4343 | Temple   | Became a worshipper of Makhleb the Destroyer
  4536 | D:6      | Reached skill level 8 in Unarmed Combat
  4692 | D:6      | Reached XP level 9. HP: 66/66 MP: 9/9
  4888 | D:7      | Reached skill level 1 in Invocations
  4907 | D:7      | Reached skill level 5 in Fighting
  5349 | D:7      | You fall into a shaft and drop 3 floors!
  5349 | D:10     | Entered Level 10 of the Dungeon
  5371 | D:10     | Noticed a deep elf pyromancer
  5465 | D:10     | Noticed a manticore
  5473 | D:10     | Killed a manticore
  6023 | D:8      | Reached * piety under Makhleb
  6124 | D:8      | Reached skill level 9 in Unarmed Combat
  6133 | D:8      | Noticed Pikel
  6142 | D:8      | Killed Pikel
  6453 | D:8      | Gained mutation: You are completely covered in sharp
                  | spines. [demonic ancestry]
  6453 | D:8      | Reached XP level 10. HP: 76/76 MP: 13/13
  6750 | D:9      | Found a staircase to the Orcish Mines.
  6764 | D:9      | Reached ** piety under Makhleb
  6765 | D:9      | Reached skill level 5 in Invocations
  6876 | D:9      | Found a staircase to the Lair.
  6890 | D:9      | Reached skill level 10 in Unarmed Combat
  7063 | D:9      | Identified the +0 robe of Qazlal's Castigation {Drain rF+
                  | rN+++ Archmagi}
  7086 | D:9      | Reached *** piety under Makhleb
  7226 | D:9      | Noticed a gargoyle
  7232 | D:9      | Killed a gargoyle
  7328 | D:9      | Found a sacrificial altar of Ru.
  7368 | D:9      | Found a stormy altar of Qazlal.
  7696 | D:9      | Found Qogari Rooko's Armour Shop.
  8077 | D:10     | Killed a deep elf pyromancer
  8078 | D:10     | Reached XP level 11. HP: 40/84 MP: 16/16
  8411 | D:10     | Reached skill level 11 in Unarmed Combat
  8556 | D:10     | Found a portal to a secret trove of treasure.
  8632 | Lair:1   | Entered Level 1 of the Lair of Beasts
  9191 | Lair:1   | Reached **** piety under Makhleb
  9646 | Lair:1   | Reached skill level 12 in Unarmed Combat
 10165 | Lair:1   | Reached skill level 1 in Armour
 10165 | Lair:1   | Reached XP level 12. HP: 69/94 MP: 18/18
 10726 | Lair:2   | Reached ***** piety under Makhleb
 10818 | Lair:2   | Found a staircase to the Snake Pit.
 10839 | Lair:2   | Identified the +5 quarterstaff "Xilecif" {venom, rN+ rCorr}
 10917 | Lair:2   | Reached skill level 10 in Invocations
 11024 | Lair:2   | Found a burning altar of Makhleb.
 11654 | Lair:3   | Noticed a catoblepas
 11692 | Lair:3   | Killed a catoblepas
 12029 | Lair:3   | HP: 4/96 [fire crab] (19)]
 12030 | Lair:3   | Engulfed by a cloud of flame

Illustrated notes

Levels and vault maps discovered:
D:1:      minmay_arrival_open_corners, layout_loops_corners
D:2:      layout_loops_ring, hellmonk_ecumenical_altar_arch_garden
D:3:      layout_basic, mainiacjoe_overflow_24_doors,
          grunt_temple_overflow_diamond, mainiacjoe_overflow_brackets,
          grunt_ministairs_9
D:4:      layout_gridville, bh_walls_and_bars
D:5:      layout_layer_cave, gammafunk_ghost_split, fountainhead,
          serial_park_tiny_2, lemuel_flame_loot_1, uniq_crazy_yiuf_cottage,
          uniq_grinder
D:6:      layout_cave_pools, minmay_temple_entry_tees
D:7:      layout_loops_ring, elyvilon_altar_4, minmay_misc_feat_columns,
          minmay_misc_feat_pillars
D:8:      black_bear_nest_2, layout_cave_pools, kennysheep_generic_room_8,
          uniq_pikel
D:9:      layout_irregular_city, nicolae_ru_the_path_less_chosen,
          mainiacjoe_overflow_surrounded_room, erik_lair_island,
          zombieorc1_lemuel, serial_shops, shop
D:10:     layout_irregular_city, enter_trove_3
Temple:   eino_temple_water
Lair:1:   beast_lair_carwin_large_3, layout_chaotic_city, grunt_megastairs_5
Lair:2:   lemuel_reptile_caves, layout_hall_layers,
          minmay_snake_entry_spellcaster, basic_altar,
          grunt_forest_small_clearings
Lair:3:   layout_roguey, minmay_swamp_entry_worms, pdpol_lair_neglected_garden,
          beast_lair_carwin_9, lemuel_fruit_tree

Skill      XL: |  1  2  3  4  5  6  7  8  9 10 11 12 |
---------------+-------------------------------------+-----
Unarmed Combat | 3 4 5 6 8 9 10 12 | 12.1
Shapeshifting  | 3 4 5 6 7 8 |  8.7
Fighting       | 3 4 6 7 8 9 |  9.5
Invocations    | 4 7 9 10 | 10.6
Dodging        | 2 4 |  4.2
Armour         | 1 3 |  3.6

Action                     |  1- 3 |  4- 6 |  7- 9 | 10-12 || total
---------------------------+-------+-------+-------+-------++-------
  Melee: Unarmed           |    67 |   101 |   170 |   410 ||   748
         Headbutt          |     7 |    23 |    32 |   104 ||   166
         Punch             |       |       |    12 |    32 ||    44
    Use: Potion            |       |     2 |     1 |       ||     3
         Scroll            |       |       |     2 |       ||     2
   Stab: Sleeping          |     2 |     5 |     6 |     6 ||    19
         Distracted        |       |       |       |     1 ||     1
 Armour: Leather armour    |    19 |     7 |       |       ||    26
         Shadow dragon sca |       |    23 |    60 |   108 ||   191
  Dodge: Dodged            |    35 |    39 |    50 |   109 ||   233

Table legend: (Time is in decaauts)
 A = Elapsed time spent in this place.
 B = Non-inter-level travel time spent in this place.
 C = Inter-level travel time spent in this place.
 D = Time resting spent in this place.
 E = Time spent auto-exploring this place.
 F = Levels seen in this place.
 G = Mean time per level.
                   A        B        C        D        E       F      G
               +--------+--------+--------+--------+--------+-----+--------+
         Total |  11935 |  11576 |    359 |    374 |   9052 |  14 |  852.5 |
       Dungeon |   8561 |   8285 |    276 |    274 |   6495 |  10 |  856.1 |
        Temple |     75 |     60 |     15 |      0 |      0 |   1 |   75.0 |
          Lair |   3298 |   3231 |     67 |    100 |   2557 |   3 | 1099.3 |
               +--------+--------+--------+--------+--------+-----+--------+

Top non-repeatable levels by time:
  Lair:1: 1485 daAuts
     D:9: 1284 daAuts
  Lair:2: 1078 daAuts
     D:5: 1022 daAuts
    D:10: 900 daAuts
     D:1: 881 daAuts
     D:7: 869 daAuts
     D:3: 771 daAuts
     D:8: 759 daAuts
     D:2: 748 daAuts
  Lair:3: 734 daAuts
     D:6: 672 daAuts
     D:4: 650 daAuts
  Temple: 75 daAuts
